 Dungeon Crawl Stone Soup version 0.28.0-43-g3370ac3207 (webtiles) character file.

Game seed: 3545052000578421208

276 tizbic2 the Blocker (level 6, 0/51 HPs)
             Began as a Minotaur Fighter on Mar 6, 2022.
             Was a Believer of Ru.
             Slain by an ogre
             ... wielding a +0 giant spiked club
              (13 damage)
             ... on level 4 of the Dungeon.
             The game lasted 00:11:55 (2763 turns).

tizbic2 the Blocker (Minotaur Fighter)              Turns: 2763, Time: 00:11:55

Health: 0/51       AC: 10    Str: 22    XL:     6   Next: 4%
Magic:  5/5        EV:  7    Int:  5    God:    Ru [**....]
Gold:   193        SH:  5    Dex: 10    Spells: 5/5 levels left

rFire   + . .      SeeInvis .   g - +2 whip (holy)
rCold   . . .      Faith    .   c - +0 buckler
rNeg    . . .      Spirit   .   v - +0 chain mail
rPois   .          Reflect  .   (helmet restricted)
rElec   .          Harm     +   u - scarf {harm}
rCorr   .          Rampage  .   (no gloves)
Will    .....                   p - +0 pair of boots
Stlth   ..........              n - amulet of the acrobat
HPRegen 0.17/turn               o - ring of protection from fire
MPRegen 0.09/turn               (no ring)

@: no status effects
A: horns 2, inability to use devices, retaliatory headbutt
a: Renounce Religion


You were on level 4 of the Dungeon.
You worshipped Ru.
Ru was pleased with you.
You visited 1 branch of the dungeon, and saw 4 of its levels.

You collected 193 gold pieces.

Inventory:

Hand Weapons
 a - a +0 war axe
 g - a +2 whip of holy wrath (weapon)
 r - a +0 short sword of venom
Missiles
 f - 66 stones (quivered)
 s - 5 poisoned darts
Armour
 c - a +0 buckler (worn)
 p - a +0 pair of boots (worn)
 u - a scarf of harm (worn)
 v - a +0 chain mail (worn)
Jewellery
 n - an amulet of the acrobat (around neck)
 o - a ring of protection from fire (left hand)
Scrolls
 h - a scroll of fear
 i - a scroll of vulnerability
 j - 2 scrolls of noise
 k - 2 scrolls of teleportation
 m - a scroll of immolation
Potions
 d - 4 potions of might
 e - 5 potions of mutation {unknown}
 l - a potion of flight {unknown}
 q - a potion of degeneration {unknown}
 t - a potion of lignification {unknown}


   Skills:
 - Level 3.6 Fighting
 - Level 2.4 Axes
 - Level 3.6 Armour
 * Level 8.2 Shields


You had 5 spell levels left.
You didn't know any spells.
Your spell library contained the following spells:

 Spells                   Type           Power      Damage    Failure   Level
 Animate Skeleton         Necr           0%         N/A       99%         1
 Pain                     Necr           0%         1d4       99%         1
 Ignite Poison            Fire/Tmut/Pois 0%         N/A       100%        3
 Mephitic Cloud           Conj/Pois/Air  0%         N/A       100%        3
 Vampiric Draining        Necr           0%         2d6       100%        3
 Freezing Cloud           Conj/Ice/Air   0%         6-21      100%        5


Dungeon Overview and Level Annotations

Branches:
Dungeon (4/15)
 Temple: D:4-7

Altars:
Dithmenos
Ru
Sif Muna
Uskayaw
Zin

Shops:
D:2 (


Innate Abilities, Weirdness & Mutations

You have a pair of horns on your head.
You cannot study or use magical devices.
You reflexively headbutt those who attack you in melee.


Message History

g - a +2 whip of holy wrath (weapon)
You start resting.
HP restored.
You open the door.
There is an open door here.
Found a chain mail.
You see here a +0 chain mail.
v - a +0 chain mail You start removing your armour.
You continue taking off your +0 scale mail. x4
You finish taking off your +0 scale mail.
You start putting on your armour.
You continue putting on your +0 chain mail. x5
You finish putting on your +0 chain mail.
You drop a +0 scale mail.
You don't know any spells.
Okay, then.
An ogre comes into view. It is wielding a +0 giant spiked club.
The ogre shouts!
You hit the ogre.
The ogre is lightly wounded.
The ogre hits you with a +0 giant spiked club!
You hit the ogre. Your headbutt misses the ogre.
The ogre is lightly wounded.
The ogre is stunned by your conviction and fails to attack.
You hit the ogre.
The ogre is moderately wounded.
The ogre hits you with a +0 giant spiked club!
You hit the ogre.
You headbutt the ogre, but do no damage.
The ogre is heavily wounded.
You hit the ogre.
The ogre is severely wounded.
The ogre hits you with a +0 giant spiked club!
* * * LOW HITPOINT WARNING * * *
You focus your inner power and blind the ogre in retribution!
You hit the ogre.
The ogre is severely wounded.
The ogre hits you with a +0 giant spiked club!
You die...

######### #........
#........ #........
#.....###
#######.##....[# #
#@O.....##.....# #
#.########.....# #
#.# #.....### #.#
#........ #.#
####.####
##.###########.####
#..................
##############.####
#...


You could see an ogre (blind).

Vanquished Creatures
  A scorpion (D:4)
  An orc priest (D:3)
  An iguana (D:2)
  An orc wizard (D:3)
  Robin (D:4)
  2 adders (D:2)
  An adder skeleton (D:4)
  2 worms (D:2)
  3 dart slugs
  6 orcs (D:3)
  4 endoplasms
  2 giant cockroaches
  15 goblins
  10 hobgoblins
  2 quokkas
  5 ball pythons
  5 bats
  4 frilled lizards
  10 kobolds
  7 rats
83 creatures vanquished.

Vanquished Creatures (others)
  A hobgoblin (D:4)
1 creature vanquished.

Grand Total: 84 creatures vanquished

Notes
Turn   | Place    | Note
-------+----------+-------------------------------------------
     0 | D:1      | tizbic2 the Minotaur Fighter began the quest for the Orb.
     0 | D:1      | Reached XP level 1. HP: 19/19 MP: 0/0
   150 | D:1      | Reached skill level 4 in Shields
   154 | D:1      | Reached XP level 2. HP: 24/26 MP: 1/1
   337 | D:1      | Reached skill level 5 in Shields
   465 | D:1      | Found a faded altar of an unknown god.
   468 | D:1      | Prayed at the altar of an unknown god.
   468 | D:1      | Became a worshipper of Ru the Awakened
   489 | D:1      | Gained mutation: You cannot study or use magical devices.
                  | [Ru sacrifice]
   489 | D:1      | Reached * piety under Ru
   489 | D:1      | Reached ** piety under Ru
   514 | D:1      | Reached XP level 3. HP: 30/31 MP: 2/2
  1033 | D:2      | Reached XP level 4. HP: 37/39 MP: 3/3
  1042 | D:2      | Reached skill level 6 in Shields
  1109 | D:2      | Found Kecwantum's Weapon Shoppe.
  1599 | D:3      | Reached XP level 5. HP: 17/45 MP: 4/4
  1719 | D:3      | Reached skill level 7 in Shields
  1846 | D:3      | Found a hide-covered altar of Uskayaw.
  1853 | D:3      | Found a shimmering blue altar of Sif Muna.
  1858 | D:3      | Found a glowing silver altar of Zin.
  1966 | D:3      | Found a shadowy altar of Dithmenos.
  2512 | D:4      | Noticed Robin
  2523 | D:4      | Killed Robin
  2529 | D:4      | Reached skill level 8 in Shields
  2529 | D:4      | Reached XP level 6. HP: 24/51 MP: 5/5
  2763 | D:4      | Slain by an ogre

Illustrated notes

Levels and vault maps discovered:
D:1:      lightli_arrival_flooded_house, layout_rooms,
          chequers_ecumenical_altar_grove, minmay_octomino_c4
D:2:      layout_rooms, serial_shops, shop
D:3:      layout_basic, mainiacjoe_overflow_paths, grunt_temple_overflow_diamond
D:4:      layout_basic, uniq_robin, uniq_natasha, uniq_grinder

Skill      XL: |  1  2  3  4  5 |
---------------+----------------+-----
Shields        | 4 5 6 8 |  8.2
Fighting       | |  3.6
Axes           | |  2.4
Armour         | |  3.6

Action                   |  1- 3 |  4- 6 || total
-------------------------+-------+-------++-------
Melee: War axe           |    92 |    91 ||   183
       Headbutt          |     9 |    16 ||    25
       Whip              |       |     6 ||     6
Throw: Stone             |       |    13 ||    13
Invok: Sacrifice Artific |     1 |       ||     1
  Use: Scroll            |       |     6 ||     6
 Stab: Invisible         |     1 |       ||     1
Armor: Scale mail        |    48 |    24 ||    72
Dodge: Dodged            |    35 |    49 ||    84
Block: Buckler           |    22 |    13 ||    35
